[Event "*** SCC Grand Prix: Titled Tuesday Blitz"]
[Site "Chess.com"]
[Date "2020.06.02"]
[Round "4"]
[White "Machidon"]
[Black "MirMan90"]
[Result "0-1"]
[WhiteElo "2510"]
[BlackElo "2729"]
[TimeControl "180+1"]
[EndTime "10:41:50 PDT"]
[Termination "MirMan90 won by resignation"]

1. d4 Nf6 2. Nf3 d5 3. Bf4 e6 4.
e3 Bd6 5. Bg3 c5 6. c3 Qc7 7.
Bxd6 Qxd6 8. Ne5 Nc6 9. f4 Ne4 10. Nd2 Nxd2 11. Qxd2 f6 12. Nxc6 bxc6 13. Bd3 e5 14.
fxe5 fxe5 15. O-O cxd4 16. cxd4 e4 17. Be2 Rf8 18. Rxf8+ Kxf8 19. Rf1+ Kg8 20. Qa5 Bd7 21. b4 Qh6 22. Rf4 Qd6 23. a3 h6 24. Rf1 g6 25. Qa6 Qc7 26. Rc1 Qb6 27. Rc5 Kf7 28.
Ra5 Qxa6 29. Rxa6 Ke7 30. a4 Kd6 31. b5 Kc7 32. bxc6 Bc8 33. Ra5 Kxc6 34. Rc5+ Kd6 35. Bb5 Bb7 36. Kf2 Rf8+ 37. Ke1 h5 38. a5 a6 39. Ba4 h4 40. Bd1 Rb8 41. Be2 Bc8 42.
Kd2 Rb2+ 43. Rc2 Rb8 44. Rc5 g5 45. h3 Bb7 46. Kc3 Rf8 47. Kb3 Rf2 48. Rc2 Rxg2 49.
Bg4 Rg3 50. Re2 Bc6 51. Kb4 Bb5 52. Rf2 Rxe3 53. Rf6+ Ke7 54. Re6+ Kf7 55. Kc5 Rc3+ 56. Kd6 Rc6+ 57. Ke5 e3 58. Bh5+ Kf8 59. Re8+ Kg7 60. Re7+ Kh6 61. Bg4 e2 62. Kf5 Rc1 63. Bxe2 Bxe2 64.
Rxe2 Rh1 65. Ke5 Rxh3 66. Rb2 Ra3 67. Rb6+ Kh5 68. Rxa6 h3 69. Ra8 g4 70. Rh8+ Kg5 71. Kxd5 Rxa5+ 72. Ke4 Ra1 73. d5 Re1+ 74. Kd4 Kf4 75.
Rf8+ Kg3 76. d6 h2 77. Rh8 Kg2 0-1

[Event "*** SCC Grand Prix: Titled Tuesday Blitz"]
[Site "Chess.com"]
[Date "2020.06.02"]
[Round "4"]
[White "ViktoriyaTarasova"]
[Black "Chessmatus"]
[Result "0-1"]
[WhiteElo "2271"]
[BlackElo "2521"]
[TimeControl "180+1"]
[EndTime "10:41:50 PDT"]
[Termination "Chessmatus won by resignation"]

1. d4 Nf6 2. c4 g6 3. Nc3 d5 4.
g3 Bg7 5. Bg2 dxc4 6. Nf3 O-O 7.
O-O c6 8. a4 Nbd7 9. Nd2 e5 10.
Nxc4 exd4 11. Qxd4 Nd5 12. Qd3 Nc5 13. Qf3 Nb3 14.
Rb1 Nd4 15. Qd3 Nb4 16. Qd1 Be6 17. Ne3 Qe7 18. f4 Rad8 19. Qe1 Ndc2 20. Nxc2 Nxc2 21. Qf2 Bf5 22. Kh1 Bd4 23. Qf3 Ne3 24. Bxe3 Qxe3 25. Qxe3 Bxe3 26. Rbd1 Bc2 27. Rxd8 Rxd8 28. Be4 Rd2 29.
Bxc2 Rxc2 30. Rd1 Rxb2 31. Ne4 Kg7 32. Rd7 b5 33. axb5 cxb5 34. Ng5 b4 35. Rxf7+ Kg8 36.
Re7 b3 37. Rxe3 Rb1+ 38. Kg2 a5 39. Re8+ Kg7 40. Re7+ Kf8 41. Ra7 b2 42. Nxh7+ Ke8 43. Nf6+ Kd8 44. Nd5 Rc1 45. Rb7 b1=Q 46. Rxb1 Rxb1 47.
Nc3 Rb3 48. Na4 Rb4 49. Nc5 a4 50. Nxa4 Rxa4 51. h4 Ke7 52. Kf3 Kf6 53. e3 Kf5 54. g4+ Kf6 55. Kg3 Ra1 56. Kf3 Rh1 57. Kg3 Rg1+ 58.
Kf3 Rf1+ 59. Kg3 Rb1 60. Kf3 Rb4 61. Kg3 Ke6 62. Kf3 Kd5 63. h5 gxh5 64. gxh5 Rb6 65.
Kg4 Ke6 66. Kg5 Kf7 67. f5 Rb1 68. e4 Rg1+ 69. Kf4 Kg7 70. e5 Rf1+ 71. Ke4 Kh6 72. e6 Re1+ 73. Kd5 Kg7 74. h6+ Kxh6 75. Kd6 Kg7 76.
Kd7 Kf6 77. Kd6 Re5 78. Kd7 Rd5+ 79. Kc6 Rd1 80. Kc7 Rd5 81. Kc6 Rxf5 82. Kd6 Re5 83.
e7 Rxe7 84. Kd5 Re1 85. Kd4 Kf5 86. Kc5 Ke5 87. Kc6 Rd1 88. Kc7 Ke6 0-1

[Event "*** SCC Grand Prix: Titled Tuesday Blitz"]
[Site "Chess.com"]
[Date "2020.06.02"]
[Round "4"]
[White "Anton_Demchenko"]
[Black "nikitakhoroshev"]
[Result "1/2-1/2"]
[WhiteElo "2823"]
[BlackElo "2453"]
[TimeControl "180+1"]
[EndTime "10:41:51 PDT"]
[Termination "Game drawn by repetition"]

1. d4 Nf6 2. Nf3 d6 3. Nc3 Nbd7 4. e3 e5 5. dxe5 Nxe5 6. Be2 Be7 7. O-O O-O 8. b3 Bd7 9. Bb2 Qe8 10. Re1 Nxf3+ 11.
Bxf3 Bc6 12. e4 Qd7 13. Nd5 Bxd5 14. exd5 Rae8 15. c4 a5 16. Qd4 b6 17. Re3 Bd8 18. Be4 Re5 19. f4 Ree8 20. Rae1 Nh5 21. Qd3 g6 22. g3 Bf6 23. Bc1 Bg7 24. Bf3 Nf6 25. Kg2 Rxe3 26. Rxe3 Re8 27. Rxe8+ Qxe8 28. Bd2 Nd7 29.
Qe3 Qxe3 30. Bxe3 f5 31. g4 fxg4 32. Bxg4 Nc5 33. Kf3 Kf7 34. Bh3 Bf6 35. Bf1 Na6 36. Bd3 Nc5 37. Bc2 Bc3 38. Kg4 Kf6 39. Bf2 Kf7 40.
f5 Nd7 41. fxg6+ hxg6 42. Kf3 Be5 43. h3 Bf6 44. Be3 Kg7 45. Kg3 Ne5 46. Kg2 Nf7 47. Bd1 Bg5 48. Bd4+ Bf6 49. Bf2 Bc3 50. Bc2 Bf6 51.
Kf3 Ng5+ 52. Kg4 Nf7 53. Be3 Ne5+ 54. Kg3 Nf7 55. Bd2 Ne5 56. Bc1 Nf7 57. Kg2 Ne5 58. Bd1 Nf7 59. Be2 Ne5 60. a3 Nf7 61. b4 axb4 62. axb4 Bc3 63. Ba3 Kf6 64. Kf3 Ng5+ 65. Kg4 Ne4 66. Kf4 Ng5 67. h4 Bd2+ 68. Kg4 Nf7 69.
Kg3 Ne5 70. b5 Be1+ 71. Kh3 Bd2 72. Bb2 Kf5 73. Bf1 Bf4 74. Bxe5 Kxe5 75. Kg4 Bd2 76. h5 gxh5+ 77. Kxh5 Kf6 78. Kg4 Be3 79. Kf3 Bc5 80.
Ke4 Bb4 81. Bh3 Bc5 82. Bc8 Bb4 83. Bb7 Ke7 84. Bc6 Kd8 85. Kf5 Bc5 86. Ke6 Bb4 87. Kf7 Bc5 88. Bb7 Bb4 89. Bc6 Bc5 90. Be8 Bb4 91. Bc6 1/2-1/2

[Event "*** SCC Grand Prix: Titled Tuesday Blitz"]
[Site "Chess.com"]
[Date "2020.06.02"]
[Round "4"]
[White "Vision_64"]
[Black "Irochka83"]
[Result "0-1"]
[WhiteElo "2146"]
[BlackElo "2401"]
[TimeControl "180+1"]
[EndTime "10:41:54 PDT"]
[Termination "Irochka83 won by resignation"]

1. e4 c5 2. Nf3 d6 3. d4 cxd4 4. Nxd4 Nf6 5. Nc3 Nc6 6. Bg5 e6 7. f4 a6 8. Nxc6 bxc6 9. e5 dxe5 10. Qxd8+ Kxd8 11. fxe5 h6 12. Bh4 g5 13. O-O-O+ Nd5 14.
Bg3 h5 15. Ne4 h4 16. Bf2 Kc7 17. c4 Nf4 18. Nxg5 Bh6 19. Ne4 Nd3+ 20. Kb1 Nxf2 21. Nxf2 c5 22. Ne4 Bb7 23. Nxc5 Bc6 24. Be2 Bxg2 25.
Rhg1 h3 26. Nb3 Bf4 27. Rgf1 Bxf1 28. Rxf1 Bxh2 29. Rxf7+ Kd8 30. Nc5 Bxe5 31. Nxe6+ Ke8 32. Rf5 h2 33. Bf3 h1=Q+ 34. Bxh1 Rxh1+ 35. Kc2 Bd6 36. c5 Rh2+ 37. Kc3 Be7 38. Nc7+ Kd7 39. Nxa8 Kc6 40. Rf7 Bxc5 41. Rc7+ Kd6 42. Rc8 Rh7 43. Rd8+ Kc6 44. Rc8+ Kd6 45. Rd8+ Kc6 46. b4 Ba7 47. Rc8+ Kb7 48.
Rg8 Rh3+ 49. Kc4 Rh4+ 50. Kc3 Rh3+ 51. Kc2 Rh2+ 52. Kb3 Rd2 53. a3 Rd3+ 54. Kb2 Rd6 55. Kb3 Rc6 56. Kb2 Rc8 57. Rxc8 Kxc8 58. a4 Kb7 59. b5 a5 60. Kb3 Kxa8 61. Kc4 Kb7 62. Kd5 Kc7 63. Ke5 Bb6 64. Kd5 Kd7 65. Ke5 Bf2 66.
Kd5 Kc7 67. Kc4 Kb6 68. Kd5 Bg1 69. Kd6 Bh2+ 70. Kd5 Bf4 71. Ke4 Bd6 72. Kd5 Bb4 73.
Kc4 Kc7 74. Kd5 Kd7 75. Ke5 Ba3 76. Kd5 Bb2 77. Kc5 Kc7 78. Kd5 Kb6 79. Kd6 Bc1 80.
Kd5 Ba3 81. Ke6 Kc5 82. Kd7 Bc1 83. Kc7 Kb4 84. b6 Bf4+ 85. Kc6 Kxa4 86. b7 Kb4 87. Kd7 a4 88. Kc8 a3 89. b8=Q+ Bxb8 90. Kxb8 a2 91. Kb7 a1=Q 0-1

[Event "*** SCC Grand Prix: Titled Tuesday Blitz"]
[Site "Chess.com"]
[Date "2020.06.02"]
[Round "4"]
[White "kushagramohan"]
[Black "Flawless_Fighter"]
[Result "1/2-1/2"]
[WhiteElo "2644"]
[BlackElo "2469"]
[TimeControl "180+1"]
[EndTime "10:41:57 PDT"]
[Termination "Game drawn by repetition"]

1. e4 c6 2. d4 d5 3. Nd2 dxe4 4. Nxe4 Bf5 5. Ng3 Bg6 6. h4 h6 7. Nf3 Nd7 8. h5 Bh7 9. Bd3 Bxd3 10. Qxd3 e6 11. Bf4 Qa5+ 12. Bd2 Bb4 13. c3 Be7 14. c4 Bb4 15. Ne4 Bxd2+ 16. Nfxd2 Ngf6 17. Nd6+ Ke7 18. c5 b6 19. Nc4 Qb5 20. cxb6 axb6 21. Qg3 Qd5 22.
O-O b5 23. Ne5 Nxe5 24. dxe5 Nxh5 25. Qh4+ g5 26. Qxh5 Qxd2 27. Qf3 Qf4 28. Qxc6 Qxe5 29. Rfe1 Qd6 30. Qxb5 Rhb8 31. Qe2 Rb4 32. b3 Rd4 33. a4 Rd2 34. Qf3 Rb8 35. Rad1 Rxd1 36. Rxd1 Qb4 37. Rb1 Rd8 38. Rc1 Rd7 39. g3 g4 40. Qe3 Rb7 41. Qxh6 Qa5 42. Qh4+ Kd7 43. Qxg4 Rxb3 44. Rd1+ Ke8 45. Qh4 Rb4 46. Qh8+ Ke7 47.
Qc8 Rxa4 48. Qd7+ Kf6 49. Qd3 Qa6 50. Qf3+ Ke7 51. Qh5 Qa5 52. Qh8 Rb4 53. Qc8 Rb5 54. Qd7+ Kf6 55. Qd4+ Ke7 56. Qd3 Rd5 57. Qe2 Rxd1+ 58.
Qxd1 Qe5 59. Qc2 Qf5 60. Qxf5 exf5 61. Kg2 Kf6 62. Kf3 Ke5 63. Ke3 Kd5 64. Kf4 Ke6 65. Kg5 Ke5 66. f3 f6+ 67. Kg6 f4 68. g4 Kd4 69. Kxf6 Ke3 70. g5 Kxf3 71. g6 Ke2 72. g7 f3 73. g8=Q f2 74. Qe6+ Kf1 75. Kg5 Kg1 76. Qg4+ Kh1 77. Qh3+ Kg1 78. Qg3+ Kh1 79. Qf3+ Kg1 80. Qe3 Kh1 81. Qh3+ Kg1 82. Qg4+ Kh1 83. Qe2 Kg1 84. Qe3 Kh1 85. Qh3+ 1/2-1/2

[Event "*** SCC Grand Prix: Titled Tuesday Blitz"]
[Site "Chess.com"]
[Date "2020.06.02"]
[Round "4"]
[White "MiroVlasenko"]
[Black "TigranMukhutdinov"]
[Result "1-0"]
[WhiteElo "2636"]
[BlackElo "2451"]
[TimeControl "180+1"]
[EndTime "10:42:01 PDT"]
[Termination "MiroVlasenko won by resignation"]

1. e4 c5 2. Nc3 Nc6 3. f4 d6 4.
Nf3 g6 5. Bb5 Bg7 6. d3 Nf6 7.
O-O O-O 8. Bxc6 bxc6 9. Qe1 Bg4 10. Bd2 Bxf3 11. Rxf3 e6 12. Qe2 d5 13. Rd1 c4 14. e5 cxd3 15. cxd3 Nd7 16. Na4 c5 17. b3 Rc8 18. Rc1 Qe7 19. Be3 f6 20.
exf6 Bxf6 21. Bf2 Qd6 22. Bg3 Qa6 23. Re1 Rfe8 24. Kh1 Nf8 25. Bf2 Nd7 26. Re3 Bd4 27.
Rg3 Bxf2 28. Qxf2 Rf8 29. Rf3 Qd6 30. Qh4 Rf5 31. Rh3 Rh5 32. Qg4 Rxh3 33. Qxh3 Nf8 34.
Qe3 Rc7 35. Rc1 Rf7 36. g3 d4 37. Qe4 Nd7 38. Nb2 e5 39. Nc4 Qa6 40. Nxe5 Nxe5 41.
Qxe5 Qxa2 42. Rxc5 Qb1+ 43. Kg2 Qxb3 44. Qxd4 Qb7+ 45.
Qd5 Qxd5+ 46. Rxd5 Rb7 47. Kf3 Kf7 48. Ra5 Rd7 49.
Ke3 Re7+ 50. Kd2 Rc7 51. Ra6 Ke7 52. h4 Kf7 53. g4 Rd7 54. g5 Kg7 55. Ke3 Re7+ 56.
Kd4 Rd7+ 57. Ke4 Re7+ 58. Kf3 Rd7 59. Ke2 Re7+ 60. Kd2 Rd7 61. Ra4 Kf7 62. d4 Ke6 63.
Ke3 Kf5 64. Kf3 Rd5 65. Rb4 a5 66. Ra4 Ke6 67. Ke4 Rb5 68. Rc4 Rb4 69. Rc6+ Kd7 70. Ra6 a4 71. Ke5 Rb5+ 72. d5 Rb1 73. Ra7+ Ke8 74.
Kd6 Rb6+ 75. Ke5 Rb1 76. Rxa4 Re1+ 77. Kf6 Rf1 78. Re4+ Kd7 79. Re7+ Kd6 80. Rxh7 Kxd5 81. Kxg6 Rxf4 82. h5 Ke6 83. Rh8 Ke7 84. Rh7+ Kf8 85. Kh6 Kg8 86. g6 Rf8 87. Ra7 Rb8 88. Ra5 Rc8 89. Kg5 Rd8 90. h6 Kh8 91. Rf5 Kg8 92. Re5 Kh8 93. Kf6 Kg8 94. Ke7 Ra8 95. Rd5 Ra7+ 96. Rd7 Ra8 97. Rd8+ Rxd8 1-0

[Event "*** SCC Grand Prix: Titled Tuesday Blitz"]
[Site "Chess.com"]
[Date "2020.06.02"]
[Round "4"]
[White "Sanan_Sjugirov"]
[Black "Aygehovit1992"]
[Result "1-0"]
[WhiteElo "2904"]
[BlackElo "2721"]
[TimeControl "180+1"]
[EndTime "10:42:04 PDT"]
[Termination "Sanan_Sjugirov won by checkmate"]

1. e4 d6 2. d4 g6 3. Nf3 Bg7 4. Bd3 e5 5. c3 Nd7 6. O-O Ngf6 7.
Re1 O-O 8. Bc2 b6 9. Nbd2 Bb7 10.
Nf1 exd4 11. cxd4 Re8 12. Ng3 c5 13. Bf4 cxd4 14. Nxd4 Nc5 15. f3 d5 16. b4 Ne6 17.
Nxe6 Rxe6 18. Bb3 a5 19. bxa5 bxa5 20. Rb1 Bc6 21. a4 h5 22. Kh1 h4 23. Nf1 h3 24.
Bg5 hxg2+ 25. Kxg2 dxe4 26. Qxd8+ Rxd8 27. Bxe6 exf3+ 28. Kg1 fxe6 29. Rxe6 f2+ 30. Kxf2 Ne4+ 31. Ke3 Bd4+ 32.
Ke2 Nc3+ 33. Ke1 Rc8 34. Rb2 Bxa4 35. Rxg6+ Kf7 36. Rd6 Re8+ 37. Kd2 Ne4+ 38. Kd3 Nxd6 39. Kxd4 Nf5+ 40. Kc5 Bd7 41. Rf2 Kg6 42. Bf4 Be6 43. Ng3 Rc8+ 44. Kb6 Rc4 45. Nxf5 Bxf5 46. Kxa5 Rc3 47.
Kb4 Rd3 48. Kc5 Rd7 49. Bg3 Rd3 50. Rb2 Rd1 51. Kc4 Kh5 52. Rb8 Kg4 53. Rg8+ Kh3 54.
Rf8 Bg4 55. Kc3 Rd7 56. Be5 Rh7 57. Kd4 Kg2 58. Ke3 Kh3 59. Ke4 Rh5 60. Bg3 Rh7 61.
Bf4 Rh5 62. Be5 Rh7 63. Kd4 Rh5 64. Bf4 Rh7 65. Rb8 Rh5 66. Be5 Rh7 67. Ke4 Kh4 68. Rb4 Kh5 69. Bg3 Rf7 70. Rb5+ Kg6 71. Rb6+ Kh5 72.
Rb8 Kg6 73. Be5 Bf5+ 74. Kd4 Rd7+ 75. Ke3 Re7 76. Kf4 Be6 77. Rb6 Re8 78. h4 Kf7 79. h5 Re7 80. h6 Kg6 81. Bg7 Re8 82. Ke5 Kf7 83. Rb7+ Kg8 84. Kf6 Bd5 85. Rb6 Bf7 86. Kg5 Re6 87. Rb8+ Kh7 88. Rh8# 1-0

[Event "*** SCC Grand Prix: Titled Tuesday Blitz"]
[Site "Chess.com"]
[Date "2020.06.02"]
[Round "4"]
[White "Durarbayli"]
[Black "Agent-JL"]
[Result "1-0"]
[WhiteElo "2769"]
[BlackElo "2524"]
[TimeControl "180+1"]
[EndTime "10:42:12 PDT"]
[Termination "Durarbayli won by checkmate"]

1. e4 c6 2. Nc3 d5 3. Nf3 dxe4 4.
Nxe4 Nf6 5. Qe2 Bf5 6. Nxf6+ gxf6 7. d3 e6 8. Bd2 Nd7 9. g3 Bd6 10. Bg2 Qc7 11. O-O O-O 12. Nh4 Bg6 13. f4 f5 14.
Kh1 Nf6 15. Bf3 Rae8 16. Bc3 Nd5 17. Bd4 c5 18. Bg1 Be7 19. Ng2 Bf6 20. Rae1 Ne7 21. c3 Rd8 22. Rd1 Rd7 23. Ne3 b5 24. a4 a6 25. axb5 axb5 26. h4 h6 27. h5 Bh7 28.
Rd2 Rfd8 29. Rfd1 e5 30. Ng2 e4 31. dxe4 Rxd2 32. Rxd2 Rxd2 33. Qxd2 fxe4 34. Be2 Nf5 35. Kh2 Kg7 36. Bxb5 Nd6 37. Be2 Bf5 38. Qd5 c4 39. Bc5 Nb7 40. Bf8+ Kxf8 41. Qxf5 Qe7 42. Bxc4 Nd6 43.
Qd5 e3 44. Be2 Ne4 45. Qd3 Nc5 46. Qxe3 Qc7 47. Bg4 Na4 48. b4 Nxc3 49. Qc5+ Qxc5 50. bxc5 Nd5 51. Bf3 Nc7 52. Ne3 Bd4 53. Nf5 Bxc5 54. Nxh6 Ne6 55. Nf5 Kg8 56. Kh3 Bb6 57. Kg4 Bd8 58.
Bd5 Nf8 59. Bc4 Nh7 60. Nh6+ Kg7 61. Nxf7 Nf6+ 62. Kf5 Nxh5 63. Nxd8 Nxg3+ 64. Kg4 Ne4 65. Ne6+ Kf6 66. Ng5 Nd6 67. Bd3 Ne8 68. Ne4+ Kg7 69. Bb5 Nc7 70. Bc4 Ne8 71. f5 Kf8 72. Kg5 Ng7 73. f6 Ne8 74. Kg6 Nxf6 75. Kxf6 Ke8 76. Bb5+ Kf8 77. Ng5 Kg8 78. Nf7 Kf8 79. Bd7 Kg8 80. Bf5 Kf8 81. Bh7 Ke8 82. Ne5 Kf8 83.
Ke6 Ke8 84. Nd7 Kd8 85. Bg6 Kc7 86. Be4 Kd8 87. Kd6 Ke8 88. Bg6+ Kd8 89. Nc5 Kc8 90. Bf7 Kd8 91. Nb7+ Kc8 92. Kc6 Kb8 93. Be6 Ka7 94. Nc5 Kb8 95. Kb6 Ka8 96. Bd7 Kb8 97. Na6+ Ka8 98. Bc6# 1-0

[Event "*** SCC Grand Prix: Titled Tuesday Blitz"]
[Site "Chess.com"]
[Date "2020.06.02"]
[Round "4"]
[White "StephenDedalus83"]
[Black "tsvet2005"]
[Result "0-1"]
[WhiteElo "2726"]
[BlackElo "2557"]
[TimeControl "180+1"]
[EndTime "10:42:20 PDT"]
[Termination "tsvet2005 won by resignation"]

1. e4 c5 2. Nf3 d6 3. d4 cxd4 4. Nxd4 Nf6 5. Nc3 a6 6. h3 e5 7. Nf3 Be7 8. Bc4 Be6 9. Qe2 Nbd7 10. Bg5 O-O 11. O-O b5 12. Bb3 Rc8 13. Bxf6 Nxf6 14.
Rfd1 Rc5 15. a3 Qc8 16. Rd3 a5 17. Rad1 b4 18. axb4 axb4 19. Na4 Bxb3 20. cxb3 Rc2 21. R3d2 Rxd2 22. Nxd2 Qc6 23. Qc4 Qb7 24. Rc1 d5 25. Qc7 Qxc7 26. Rxc7 Bd8 27. Rb7 dxe4 28. Rxb4 Ba5 29.
Rxe4 Bxd2 30. Rxe5 Rd8 31. Nc3 g6 32. g3 Bxc3 33. bxc3 Rd3 34. Rc5 Ne4 35. Rc8+ Kg7 36. b4 Rxc3 37. Re8 Nd6 38. Rd8 Rc6 39. Rb8 Rc1+ 40.
Kg2 Rb1 41. Kf3 h5 42. Ke3 Kf6 43. Kd4 Ke6 44. Rb6 Kd7 45. Kc5 Rc1+ 46. Kd5 Rd1+ 47. Kc5 Ne4+ 48. Kc4 Nd6+ 49. Kc5 Ne4+ 50. Kc4 Rc1+ 51.
Kd5 Nxf2 52. Rf6 Rd1+ 53. Kc4 Ne4 54. Rxf7+ Kc6 55. Rg7 Rd6 56. g4 hxg4 57. hxg4 Nf2 58. g5 Ne4 59. b5+ Kb6 60. Rg8 Nxg5 61. Rb8+ Kc7 62. Rg8 Ne4 63. Kb4 Kb6 64. Rb8+ Kc7 65. Re8 Nf6 66. Rf8 Nd5+ 67. Kc5 Nb6 68. Rf7+ Nd7+ 69.
Kb4 Rd4+ 70. Ka5 Rd5 71. Rg7 g5 72. Ka6 Kd6 73. b6 Nxb6 74. Kxb6 Ke6 75. Kc6 Ra5 76. Rg8 Kf5 77. Kb6 Re5 78. Kc6 Kg4 79. Kd6 Re1 80. Kd5 Kf4 81. Rf8+ Kg3 82. Rg8 g4 83. Kd4 Kf3 84.
Rf8+ Kg2 85. Rg8 g3 86. Kd3 Kf2 87. Rf8+ Kg1 88. Kd2 Re5 89. Rg8 g2 90. Rg7 Rh5 91. Ke2 Kh2 92. Kf3 Rf5+ 93. Ke4 Rf2 94. Rh7+ Kg1 95.
Ke3 Kf1 96. Ra7 g1=Q 97. Ra1+ Kg2 98. Rxg1+ Kxg1 0-1

[Event "*** SCC Grand Prix: Titled Tuesday Blitz"]
[Site "Chess.com"]
[Date "2020.06.02"]
[Round "4"]
[White "nonsopolo1"]
[Black "pooh2012"]
[Result "1/2-1/2"]
[WhiteElo "2243"]
[BlackElo "2424"]
[TimeControl "180+1"]
[EndTime "10:42:21 PDT"]
[Termination "Game drawn - insufficient material"]

1. e4 c6 2. d4 d5 3. Nd2 dxe4 4. Nxe4 Nd7 5. Ng5 e6 6. Bd3 Ngf6 7. N1f3 Bd6 8. Qe2 h6 9. Ne4 Nxe4 10. Qxe4 Qc7 11. Bd2 b6 12. O-O-O Nf6 13. Qe2 Bb7 14. Kb1 O-O-O 15.
Ba6 Kb8 16. Rhe1 Rd7 17. h3 Rhd8 18. a3 Nd5 19. Bxb7 Kxb7 20. g3 c5 21. c4 Ne7 22.
Bc3 cxd4 23. Nxd4 Bc5 24. Qf3+ Nc6 25. Nb5 Rxd1+ 26. Rxd1 Rxd1+ 27. Qxd1 Qd8 28. Qf3 f6 29. Qg4 Qd3+ 30. Ka1 Qd7 31. Qf3 a6 32. b4 axb5 33.
cxb5 Bd6 34. h4 Kc7 35. bxc6 Qxc6 36. Qe3 b5 37. Kb2 Kd7 38. Qa7+ Bc7 39. Qd4+ Qd5 40. Qe3 e5 41. h5 Ke6 42. g4 Bd6 43. Qa7 Be7 44. Qe3 Qc4 45. f3 Qc6 46. Qd3 Kf7 47. Kb3 Qe6+ 48. Kb2 Qc6 49. Kc2 Bd6 50. Kb2 Ke7 51.
Qg6 Qxf3 52. Qxg7+ Ke6 53. Qg8+ Kd7 54. Qg6 Qf2+ 55.
Kb3 Qf3 56. Qf7+ Be7 57. Qg6 Qd1+ 58. Kb2 Qe2+ 59. Kb3 Qc4+ 60. Kb2 Qf4 61. Kb3 e4 62. Qf7 Qd6 63. Qg6 Qe6+ 64. Kb2 e3 65. Be1 Qc4 66.
Qf5+ Qe6 67. Qxe6+ Kxe6 68. Kc2 Kd5 69. Kd3 Bd6 70.
Kxe3 Be5 71. Kd3 Bb2 72. Bc3 Bxa3 73. Bxf6 Bxb4 74. Bg7 Ke6 75. Bxh6 Be7 76. Ke4 b4 77. Bc1 Bf6 78. g5 Bh8 79. Kd3 b3 80. Kc4 b2 81.
Bxb2 Bxb2 82. Kd3 Kf5 83. g6 Kg5 84. Ke4 Kxh5 85. Kf5 Bg7 86. Ke6 Kxg6 1/2-1/2

[Event "*** SCC Grand Prix: Titled Tuesday Blitz"]
[Site "Chess.com"]
[Date "2020.06.02"]
[Round "4"]
[White "gurelediz"]
[Black "Djager97"]
[Result "1-0"]
[WhiteElo "2608"]
[BlackElo "2382"]
[TimeControl "180+1"]
[EndTime "10:42:25 PDT"]
[Termination "gurelediz won on time"]

1. d4 d5 2. Nf3 Nf6 3. c4 e6 4. cxd5 exd5 5. Nc3 c6 6. Bg5 Bf5 7. e3 Be7 8. Bd3 Bxd3 9. Qxd3 O-O 10.
O-O Nbd7 11. Rab1 h6 12. Bh4 Ne4 13. Bxe7 Qxe7 14. b4 a6 15. a4 Rfc8 16. Rfc1 Nxc3 17. Rxc3 Qd6 18. b5 cxb5 19. axb5 Rxc3 20. Qxc3 a5 21. Ne5 a4 22. Nxd7 Qxd7 23. h3 a3 24. Ra1 Qxb5 25.
Rxa3 Rxa3 26. Qxa3 b6 27. Qe7 Qc6 28. g4 b5 29. Kh2 g6 30. h4 Qe6 31. Qd8+ Kg7 32.
Kg3 h5 33. gxh5 gxh5 34. Kh2 b4 35. Qg5+ Kf8 36. Qf4 Qg4 37. Qb8+ Kg7 38. Qe5+ Kg8 39. Qe8+ Kg7 40. Qe5+ Kh7 41. Qxd5 Qxh4+ 42. Kg2 Qg4+ 43.
Kf1 Qd1+ 44. Kg2 Qg4+ 45. Kh2 Qh4+ 46. Kg1 Qg4+ 47. Kh1 Kg7 48. Qb3 Qh3+ 49. Kg1 Qg4+ 50. Kf1 Qh3+ 51. Ke2 Qg4+ 52. Kd2 Qf3 53. Ke1 Qh1+ 54.
Ke2 Qh2 55. Qxb4 h4 56. Qe7 h3 57. d5 Qg2 58. Qe5+ Kg6 59. Qd6+ Kg7 60. Qe5+ Kh7 61. Qf5+ Kg7 62. d6 h2 63. Qe5+ Kh7 64. Qf5+ Kg7 65. Qe5+ Kg6 66. d7 h1=Q 67. Qd6+ Kg7 68. Qd4+ Kh7 69.
Qd3+ Kg7 70. Qd4+ Kh7 71. Qd3+ Kh6 72. Qd6+ Kh5 73. Qe5+ Kh6 74. Qf6+ Qg6 75. Qh8+ Qh7 76. Qxh7+ Kxh7 77. d8=Q Qh5+ 78. Kd2 Kg7 79. Qd4+ f6 80.
Qd7+ Kg8 81. Qe6+ Kg7 82. Qe7+ Kg8 83. Qxf6 Qd5+ 84. Ke2 Qc4+ 85. Kf3 Qd5+ 86. Kg3 Qc4 87. f4 Qe2 88. Qe5 Qe1+ 89. Kf3 Qf1+ 90. Ke4 Qb1+ 91. Kd4 Qa1+ 92. Kd5 Qa2+ 93. Kd6 Qa6+ 94. Ke7 Qb7+ 95. Kf6 Qb1 96. Qg5+ 1-0

[Event "*** SCC Grand Prix: Titled Tuesday Blitz"]
[Site "Chess.com"]
[Date "2020.06.02"]
[Round "4"]
[White "artooon"]
[Black "Chopper1905"]
[Result "0-1"]
[WhiteElo "2733"]
[BlackElo "2939"]
[TimeControl "180+1"]
[EndTime "10:42:32 PDT"]
[Termination "Chopper1905 won by resignation"]

1. e4 e5 2. Nf3 Nc6 3. d4 exd4 4. Bc4 Nf6 5. O-O Nxe4 6. Nc3 Nd6 7. Qe2+ Be7 8. Nd5 Nxc4 9. Qxc4 O-O 10. Nxd4 Nxd4 11. Qxd4 c6 12. Nxe7+ Qxe7 13. Bf4 d5 14. Rfe1 Be6 15. Re3 c5 16. Qxd5 Qh4 17. Qg5 Qxg5 18. Bxg5 Rfe8 19. Rae1 h6 20. Bh4 Rac8 21. f4 Kf8 22. a3 b6 23. Re5 Bd7 24. Re7 Rxe7 25.
Rxe7 Rc7 26. Re1 Bf5 27. Re2 Rd7 28. h3 h5 29. Kf2 f6 30. Ke1 Kf7 31. Bf2 a5 32. c3 a4 33. Rd2 Bd3 34. Be3 Ke6 35. Kf2 Kf5 36. Rd1 Ke4 37. Rd2 Rf7 38. Rd1 g5 39.
Re1 Kd5 40. Kg3 h4+ 41. Kf2 Kc4 42. Rd1 Be4 43. Rd6 b5 44. Re6 Bd5 45. Rd6 gxf4 46.
Bxf4 Rg7 47. g3 hxg3+ 48. Bxg3 f5 49. Rf6 Be4 50. Rb6 Rd7 51. Ke2 Rd3 52. Bf2 Rxh3 53. Rb8 Bd3+ 54. Kd2 Rh2 55. Ke3 f4+ 56. Kf3 Be4+ 57.
Ke2 Bd3+ 58. Kf3 Be4+ 59. Ke2 Rh3 60. Rc8 Kb3 61. Rxc5 Bd3+ 62. Kd2 Kxb2 63. Bd4 Bc4 64. Rf5 Rd3+ 65. Ke1 f3 66. Bc5 Kxc3 67. Kf2 Bd5 68. Bb4+ Kb3 69. Rf4 Rd1 70. Kg3 Rf1 71. Rf5 Bc4 72. Rf4 Be2 73. Rf5 Rc1 74. Kf2 Rc6 75. Rf4 Rc2 76. Ke3 Ra2 77. Kf2 Rxa3 78. Bd6 Ra2 79. Rb4+ Kc3 80. Rb1 Bd3+ 81. Rb2 Rxb2+ 0-1

[Event "*** SCC Grand Prix: Titled Tuesday Blitz"]
[Site "Chess.com"]
[Date "2020.06.02"]
[Round "4"]
[White "RobertoJBM"]
[Black "TheNextLevelFan"]
[Result "1/2-1/2"]
[WhiteElo "2621"]
[BlackElo "2438"]
[TimeControl "180+1"]
[EndTime "10:42:36 PDT"]
[Termination "Game drawn - insufficient material"]

1. d4 d5 2. c4 dxc4 3. Nf3 Nf6 4. e3 a6 5. a4 e6 6. Bxc4 c5 7. O-O Nc6 8. Qe2 Be7 9. Rd1 Qc7 10. Nc3 O-O 11. d5 exd5 12. Nxd5 Nxd5 13. Bxd5 Bg4 14. h3 Bh5 15. Bd2 Bf6 16. Bc3 Bxc3 17. bxc3 Rab8 18.
Qc4 Ne7 19. Be4 b5 20. axb5 axb5 21. Qe2 Rb6 22. Rd2 Re6 23. Bd5 Nxd5 24. Rxd5 Bxf3 25. Qxf3 b4 26. cxb4 cxb4 27. Rb1 Rb8 28. Qd1 h6 29.
Qb3 Rc6 30. Qd1 Rc3 31. Rd7 Qc4 32. Rd4 Qc5 33. Rd5 Qe7 34. Rd7 Qe6 35. Rd8+ Rxd8 36. Qxd8+ Kh7 37. Rxb4 Rc1+ 38. Kh2 Qe5+ 39. g3 Rc3 40.
Qd4 Qf5 41. Qe4 Qxe4 42. Rxe4 Kg6 43. Kg2 f6 44. Rd4 h5 45. h4 Ra3 46. Kf3 Ra2 47. Rd3 Rb2 48. Rc3 Ra2 49. Rc7 Rb2 50. Kg2 Rb3 51. Rc2 Ra3 52. Kf3 Rb3 53. Kf4 Rb4+ 54. e4 Ra4 55. Rc6 Rb4 56. Ke3 Rb3+ 57. Kd2 Rf3 58. Ke2 Ra3 59. e5 Kf5 60. exf6 gxf6 61.
Rc4 Kg6 62. Kf1 Rb3 63. Kg2 Ra3 64. Rf4 Rb3 65. Rf3 Rb4 66. Re3 Ra4 67. Kf3 Rb4 68.
Re4 Rb3+ 69. Re3 Rb2 70. Rd3 Ra2 71. Rd8 Ra3+ 72. Ke2 Ra2+ 73. Rd2 Ra3 74. Rd3 Ra2+ 75. Ke3 Ra4 76. Rd8 Ra3+ 77. Ke4 Ra4+ 78. Kf3 Ra3+ 79. Kg2 Rb3 80. Rg8+ Kf7 81. Rc8 Kg6 82. Rc6 Ra3 83. f3 Rb3 84. g4 hxg4 85. fxg4 Kg7 86. Rc4 Ra3 87. Rf4 Kg6 88. Rf3 Ra4 89. Kg3 Ra1 90. h5+ Kg7 91. Kf4 Ra4+ 92. Kg3 Rb4 93. Kh4 Ra4 94.
Rc3 Rb4 95. Rc7+ Kh6 96. Rf7 Rf4 97. Kg3 Rf1 98. Kg2 Rf4 99. Kh3 Rf3+ 100. Kh4 Rf4 101. Rxf6+ Rxf6 102.
g5+ Kg7 103. gxf6+ Kxf6 104. Kg4 Kg7 105. Kg5 Kh8 106. h6 Kg8 107. h7+ Kh8 108. Kf4 Kxh7 1/2-1/2

[Event "*** SCC Grand Prix: Titled Tuesday Blitz"]
[Site "Chess.com"]
[Date "2020.06.02"]
[Round "4"]
[White "Tsyhanchuk_Stanislav"]
[Black "novocane"]
[Result "1-0"]
[WhiteElo "2445"]
[BlackElo "2159"]
[TimeControl "180+1"]
[EndTime "10:42:37 PDT"]
[Termination "Tsyhanchuk_Stanislav won by resignation"]

1. e4 c5 2. Nf3 Nc6 3. d4 cxd4 4.
Nxd4 e5 5. Nb5 d6 6. a4 Nf6 7. N1c3 a6 8. Na3 Be7 9. Bg5 Ng4 10. Bxe7 Nxe7 11. Nc4 O-O 12. Qxd6 Qxd6 13. Nxd6 Rd8 14.
Rd1 Be6 15. h3 Nf6 16. Bc4 Rxd6 17. Rxd6 Bxc4 18. b3 Be6 19. O-O g5 20. Rfd1 Kg7 21. Rd8 Ra7 22. Nd5 Nc6 23. Nxf6 Kxf6 24. Rh8 Kg7 25. Re8 b6 26. Rd6 Nd4 27. Rxb6 Nxc2 28. b4 h5 29. Reb8 g4 30. R8b7 Rxb7 31. Rxb7 Nd4 32.
hxg4 hxg4 33. b5 axb5 34. axb5 Kf8 35. b6 Ke8 36. Rc7 Kd8 37. Rc5 Bc8 38. Rxe5 Bb7 39. Rg5 Bxe4 40. Rxg4 f5 41. Rg7 Kc8 42. f3 Bb7 43.
Rc7+ Kb8 44. Rd7 Ne6 45. Kf2 f4 46. Re7 Nc5 47. Rf7 Ne6 48. Rf6 Nc5 49. Kg1 Nd7 50. Rf7 Nxb6 51. Rxf4 Nd5 52. Rf7 Kc8 53. g4 Bc6 54. Kf2 Kd8 55. g5 Ke8 56. Ra7 Kf8 57. Kg3 Ne7 58. f4 Nf5+ 59. Kf2 Ne7 60. Ke3 Kf7 61.
Kd4 Ke6 62. Ra6 Kd6 63. Ke3 Nd5+ 64. Kf2 Nxf4 65. Kg3 Ne6 66. Kg4 Kd7 67. g6 Bd5 68. Ra7+ Ke8 69. Kf5 Ng7+ 70. Kf6 Nh5+ 71. Ke5 Bc4 72.
g7 Nxg7 73. Rxg7 Bf7 74. Kd6 Bc4 75. Ke5 Kf8 76. Kf6 Bb3 77. Rb7 Bf7 78. Rb8+ Be8 79.
Ra8 Kg8 80. Rxe8+ Kh7 81. Rf8 1-0